Map: Pillars of Gold LE

Players

Ryu - Winner!

  • Race: Zerg Zerg
  • Spawn Location: 1:00

Kelazhur

  • Race: Terran Terran
  • League: Master
  • Spawn Location: 7:00

Event: DreamHack SC2 Masters 2020 Fall

VOD

Have the link to the VOD?

Description

Time

  • Played on: Aug. 26, 2020, 4:01 p.m.
  • Length: 14:01

All games in this series

Show
View Real Time Build Order
Export as new Build Order

Ryu Zerg - Winner!

Build Orders: Hatch First 

Get SALT Encoding   

  12  0:01  Drone  
  13  0:12  Overlord  
  13  0:18  Drone  
  14  0:31  Drone x2  
  16  0:50  Hatchery  
  16  0:52  Drone  
  16  0:56  Drone  
  17  0:59  Drone  
  17  1:03  Extractor  
  17  1:16  Spawning Pool  
  16  1:19  Drone  
  16  1:23  Drone  
  18  1:28  Drone  
  19  1:44  Drone  
  20  1:50  Overlord  
  20  2:03  Queen x2  
  20  2:05  Zergling x2  
  20  2:06  Zergling x2  
  26  2:12  Metabolic Boost  
  26  2:14  Drone  
  27  2:19  Drone  
  27  2:21  Drone  
  29  2:25  Drone  
  30  2:33  Drone  
  31  2:41  Queen  
  32  2:48  Drone  
  32  2:51  Overlord  
  33  2:58  Drone, Zergling x2  
  35  3:08  Overlord  
  35  3:10  Zergling x2, Hatchery  
  35  3:13  Drone  
  35  3:16  Drone  
  37  3:20  Drone x2  
  37  3:25  Drone x2  
  41  3:30  Drone  
  41  3:31  Queen  
  44  3:35  Drone  
  44  3:38  Drone  
  46  3:46  Queen  
  48  3:53  Drone x3  
  51  3:57  Evolution Chamber  
  51  3:59  Evolution Chamber  
  49  4:04  Drone x2  
  49  4:07  Overlord  
  51  4:10  Overlord  
  51  4:15  Extractor  
  51  4:16  Queen  
  50  4:21  Roach Warren  
  50  4:23  Zerg Missile Weapons Level 1  
  50  4:24  Zerg Ground Armor Level 1  
  50  4:26  Drone  
  50  4:29  Overlord  
  50  4:31  Drone  
  51  4:32  Drone  
  51  4:35  Drone  
  51  4:37  Zergling x4  
  55  4:42  Drone x3  
  58  4:46  Spore Crawler  
  57  4:52  Lair  
  57  4:59  Spore Crawler  
  56  5:04  Drone  
  56  5:05  Drone x6  
  61  5:09  Drone  
  61  5:10  Drone  
  61  5:13  Drone x2  
  65  5:20  Drone x3  
  65  5:26  Zergling x4  
  67  5:33  Spore Crawler  
  67  5:34  Zergling x2  
  67  5:35  Zergling x4  
  64  5:40  Drone x4  
  64  5:45  Drone x2  
  65  5:52  Glial Reconstitution  
  65  5:54  Drone x3  
  68  6:01  Extractor x2  
  68  6:02  Overlord  
  68  6:03  Overseer  
  66  6:07  Drone x3  
  66  6:10  Overlord  
  69  6:18  Drone x3  
  72  6:19  Drone x2  
  72  6:22  Drone  
  72  6:23  Drone x3  
  75  6:28  Drone x3  
  75  6:30  Roach  
  80  6:38  Roach x3  
  82  6:45  Roach x2  
  83  6:52  Drone x4  
  87  6:56  Roach  
  87  6:58  Overlord x2  
  89  7:04  Overlord  
  89  7:05  Overlord  
  89  7:13  Zerg Ground Armor Level 2, Zerg Missile Weapons Level 2  
  89  7:17  Roach x2  
  93  7:23  Ravager  
  93  7:24  Ravager  
  93  7:27  Ravager  
  93  7:29  Overlord x3  
  96  7:31  Roach  
  96  7:33  Extractor  
  96  7:34  Drone x3  
  96  7:36  Roach x2  
  95  7:46  Roach x4  
  103  7:55  Drone x3  
  103  7:56  Drone x2  
  108  8:02  Roach x2  
  112  8:06  Roach, Hatchery  
  112  8:07  Roach  
  112  8:12  Roach  
  121  8:13  Roach x2  
  121  8:19  Roach x3  
  127  8:24  Roach  
  127  8:25  Roach x2  
  127  8:27  Overlord  
  132  8:33  Roach x3  
  138  8:35  Ravager x2  
  138  8:41  Drone x3, Overlord x2  
  142  8:46  Roach x2  
  147  8:53  Roach x2  
  147  8:54  Roach  
  153  8:56  Overlord  
  153  8:57  Overlord  
  153  9:01  Roach  
  153  9:02  Roach x2  
  159  9:13  Roach x5  
  159  9:17  Ravager x2  
  171  9:18  Roach  
  171  9:19  Roach x3  
  179  9:25  Spore Crawler  
  178  9:36  Roach x7  
  164  9:40  Roach x3  
  159  9:51  Roach x5  
  153  9:57  Roach x3  
  153  10:02  Drone x3  
  153  10:03  Drone  
  143  10:11  Roach x4  
  147  10:16  Ravager x3  
  150  10:24  Roach x4  
  156  10:34  Roach x5  
  155  10:37  Roach  
  155  10:38  Roach  
  153  10:44  Drone  
  140  10:50  Drone x2  
  140  10:55  Roach x7  
  138  10:57  Drone x2  
  126  11:05  Ravager x2  
  126  11:08  Queen x2  
  132  11:12  Roach, Ravager  
  132  11:13  Roach  
  137  11:26  Roach x7  
  151  11:34  Roach x4  
  151  11:38  Roach  
  151  11:39  Roach  
  163  11:47  Roach x5  
  163  11:54  Overlord x3  
  173  11:59  Overlord  
  169  12:02  Overseer  
  169  12:05  Roach x5  
  169  12:07  Drone x2  
  169  12:13  Roach x3  
  158  12:18  Roach x3  
  144  12:23  Roach x2  
  144  12:28  Roach  
  144  12:29  Roach x3  
  153  12:34  Ravager  
  154  12:37  Extractor  
  154  12:38  Drone x3  
  154  12:39  Drone x2  
  154  12:42  Extractor  
  157  12:44  Extractor, Ravager  
  157  12:45  Roach x2, Ravager  
  162  12:51  Roach  
  162  12:52  Roach x2  
  170  12:58  Roach x4  
  176  13:07  Roach x4  
  184  13:16  Roach x4  
  184  13:19  Ravager  
  190  13:23  Roach x2  
  190  13:38  Roach x7  
Show
View Real Time Build Order
Export as new Build Order

Kelazhur Terran 

Build Orders: Reaper Expand, Hellion Banshee 

Get SALT Encoding   

  12  0:00  SCV  
  13  0:12  SCV  
  14  0:17  Supply Depot  
  14  0:24  SCV  
  15  0:39  SCV  
  15  0:40  Barracks  
  16  0:45  Refinery  
  16  0:51  SCV  
  17  1:03  SCV  
  18  1:15  SCV  
  19  1:27  Orbital Command  
  19  1:29  Reaper  
  20  1:41  Command Center  
  20  1:52  Supply Depot  
  20  1:53  SCV  
  21  2:01  Marine  
  21  2:06  Factory  
  22  2:08  SCV  
  22  2:14  Refinery  
  23  2:20  SCV  
  24  2:23  Barracks Reactor  
  24  2:32  SCV  
  25  2:45  SCV  
  26  2:55  Starport  
  26  2:58  Orbital Command  
  26  2:59  SCV  
  26  3:04  Hellion x2  
  31  3:11  Barracks Tech Lab  
  31  3:12  SCV, Supply Depot  
  32  3:24  SCV x2  
  32  3:26  Hellion x2  
  38  3:37  Banshee, Cloaking Field  
  38  3:39  SCV  
  42  3:42  Supply Depot  
  42  3:44  SCV  
  43  3:53  Hellion x2, SCV  
  48  3:56  SCV  
  49  4:05  SCV  
  49  4:07  Supply Depot  
  50  4:14  SCV  
  50  4:15  Hellion x2  
  55  4:20  SCV  
  55  4:22  Banshee  
  59  4:26  SCV  
  59  4:30  Supply Depot  
  60  4:32  SCV  
  60  4:38  SCV  
  62  4:41  Command Center  
  62  4:44  SCV  
  63  4:48  Barracks Tech Lab  
  63  4:50  SCV  
  64  4:56  Supply Depot  
  64  4:57  Factory Reactor, SCV  
  64  4:59  Barracks  
  65  5:02  SCV  
  65  5:04  Barracks  
  66  5:09  SCV  
  66  5:11  Engineering Bay  
  66  5:12  Engineering Bay  
  67  5:14  Starport Reactor  
  67  5:20  SCV  
  68  5:22  Marine  
  68  5:23  Stimpack  
  68  5:25  Refinery x2  
  68  5:26  SCV  
  70  5:32  SCV  
  71  5:38  SCV  
  71  5:41  Terran Infantry Armor Level 1, Terran Infantry Weapons Level 1  
  72  5:44  SCV  
  72  5:45  Marine  
  72  5:50  Siege Tank, SCV, Marine  
  72  5:51  Marine  
  72  5:53  Orbital Command  
  72  5:56  SCV  
  79  6:00  Medivac  
  79  6:01  Medivac  
  79  6:02  SCV, Marine x2  
  86  6:07  Marine  
  87  6:17  Barracks, SCV x2, Marine  
  90  6:19  Barracks  
  90  6:20  Orbital Command  
  81  6:28  Marine  
  81  6:29  SCV, Marine x2  
  81  6:31  Medivac  
  81  6:32  Medivac  
  83  6:33  SCV  
  83  6:36  Marine  
  83  6:38  Marine  
  86  6:41  SCV  
  87  6:48  SCV x2  
  87  6:49  Marine x3  
  87  6:52  Siege Tank  
  87  6:53  SCV  
  96  6:57  Marine  
  96  6:58  Marine  
  96  6:59  Supply Depot x2  
  96  7:00  SCV x2, Supply Depot  
  100  7:02  Combat Shield  
  100  7:05  SCV  
  101  7:10  Supply Depot, Barracks Reactor x2  
  101  7:13  Refinery  
  101  7:20  Medivac, SCV, Marine x5  
  101  7:21  SCV  
  110  7:24  SCV  
  110  7:27  Supply Depot  
  110  7:28  Supply Depot  
  111  7:31  Supply Depot  
  111  7:33  Medivac, SCV  
  111  7:36  Siege Tank  
  117  7:38  Marine x4  
  112  7:46  Marine x5  
  114  7:56  Marine  
  114  7:57  Marine  
  116  7:58  Marine  
  116  8:02  Barracks x2  
  116  8:04  Command Center, Barracks  
  116  8:05  Medivac x2  
  121  8:06  Marine x6  
  127  8:13  Supply Depot  
  127  8:14  Siege Tank  
  130  8:20  Factory  
  130  8:29  Supply Depot  
  130  8:34  Marine x8  
  138  8:42  Marine  
  138  8:46  Siege Tank  
  138  8:47  Armory  
  142  8:49  SCV x2  
  142  8:50  SCV  
  142  8:51  Marine  
  142  8:52  Marine x7  
  142  8:54  Marine  
  154  8:58  Supply Depot  
  154  9:00  Marauder  
  151  9:10  Marine x2  
  151  9:13  Marine x9  
  162  9:18  Siege Tank  
  162  9:21  Factory Tech Lab  
  162  9:22  Marauder  
  164  9:37  Marine x7  
  164  9:38  Marine x4  
  150  9:43  Marauder  
  112  9:53  Orbital Command  
  112  9:55  Marine x7  
  112  9:56  Marine  
  112  9:57  Marine x3  
  110  10:05  Marauder  
  105  10:13  Marine x4  
  107  10:15  Marine  
  107  10:19  Marine x6  
  114  10:26  Marauder  
  116  10:31  Orbital Command  
  116  10:33  Marine x5  
  105  10:37  Marine  
  105  10:41  Siege Tank  
  98  10:44  Marine  
  98  10:47  Marauder  
  91  10:51  Marine  
  78  10:57  Marine  
  78  11:01  Terran Infantry Weapons Level 2  
  72  11:04  SCV  
  72  11:05  Marine  
  72  11:09  SCV, Marauder  
  77  11:12  Marine  
  78  11:21  Marine  
  78  11:23  Marine x4  
  82  11:26  SCV  
  82  11:27  SCV x2  
  82  11:30  Marauder  
  82  11:32  Marine  
  88  11:38  Marine x2  
  90  11:42  Marine x8  
  98  11:50  Marine  
  98  11:52  Marauder  
  101  11:55  Marine  
  101  11:56  Marine  
  101  12:00  Marine x3  
  101  12:01  Marine x5  
  110  12:07  SCV x3  
  110  12:08  Marine  
  106  12:13  Marauder, Marine  
  106  12:14  Marine  
  95  12:17  Marine  
  95  12:18  Marine x6  
  96  12:26  Marine x2  
  96  12:27  SCV  
  100  12:31  Orbital Command, Marine  
  100  12:32  Marine  
  100  12:34  Marauder  
  100  12:35  Marine  
  101  12:38  Marine x4  
  101  12:39  Marine x2  
  101  12:44  Marine x2  
  108  12:46  SCV x3  
  108  12:48  Siege Tank  
  115  12:51  Marine  
  115  12:56  Marauder  
  115  12:58  SCV x3  
  121  13:08  Barracks Tech Lab  
  121  13:09  Barracks Tech Lab x2  
  121  13:10  SCV x3  
  121  13:11  Supply Depot  
  124  13:13  Supply Depot  
  124  13:14  Orbital Command  
  124  13:15  Marine  
  124  13:16  Marine  
  124  13:29  SCV  
  124  13:30  Marine  
  124  13:33  Marine  
  124  13:34  SCV, Supply Depot  
  124  13:35  Marauder x2  
  124  13:38  Marauder, Marine  

Tags
 
Add a new tag
Caveats
  • Supply blocks, unpowered buildings, or Contaminate may cause inaccurate times.
  • Supply counts are checked every 10 seconds.